 Dungeon Crawl Stone Soup version 0.17-a0-1655-g88a8506 (webtiles) character file.

501 kae the Firebug (level 6, 0/32 HPs)
             Began as a Deep Elf Fire Elementalist on Aug 15, 2015.
             Slain by a worm (9 damage)
             ... on level 4 of the Dungeon.
             The game lasted 00:04:57 (4245 turns).

kae the Firebug (Deep Elf Fire Elementalist)        Turns: 4245, Time: 00:04:58

Health: 0/32       AC:  3    Str:  7    XL:     6   Next: 95%
Magic:  3/15       EV: 13    Int: 20    God:
Gold:   154        SH:  0    Dex: 15    Spells: 3 memorised, 9 levels left

rFire  . . .     SeeInvis .     q - +0 trident
rCold  . . .     Clarity  .     a - +0 robe
rNeg   . . .     SustAt   .     (no shield)
rPois  .         Gourm    .     (no helmet)
rElec  .         Spirit   .     p - +0 cloak (curse)
rCorr  .         Warding  .     (no gloves)
rMut   .         Stasis   .     (no boots)
MR     .....                    (no amulet)
Stlth  ++........               (no ring)
                                (no ring)

@: not resistant to hostile enchantments, unstealthy
A: no striking features
a: no special abilities


You were on level 4 of the Dungeon.
You were very hungry.

You visited 1 branch of the dungeon, and saw 4 of its levels.

You collected 154 gold pieces.

Inventory:

Hand weapons
 q - a +0 trident (weapon)
Armour
 a - a +0 robe (worn)
 p - a cursed +0 cloak (worn)
Magical devices
 u - a wand of disintegration (8)
Scrolls
 e - 4 scrolls of identify
 g - 2 scrolls of magic mapping
 i - 4 scrolls of remove curse
 o - a scroll of fear
Potions
 d - a potion of lignification {unknown}
 f - 2 potions of brilliance
 j - 2 potions of haste {unknown}
 k - 2 potions of curing {unknown}
 l - a potion of magic {unknown}
 m - a potion of degeneration {unknown}
 n - 2 potions of flight {unknown}
 s - a potion of poison {unknown}
Books
 b - a book of Flames

   Spells                             Type                      Level
   a - Flame Tongue                   Conjuration/Fire             1
   b - Throw Flame                    Conjuration/Fire             2
   c - Conjure Flame                  Conjuration/Fire             3
   d - Inner Flame                    Hexes/Fire                   3
   e - Sticky Flame                   Conjuration/Fire             4
   f - Fireball                       Conjuration/Fire             5
Comestibles
 c - 3 bread rations
 h - 4 beef jerkies
 r - 3 fruits


   Skills:
 - Level 2.4 Dodging
 - Level 2.4 Stealth
 + Level 5.0 Spellcasting
 * Level 4.8 Conjurations
 * Level 6.3 Fire Magic


You had 9 spell levels left.
You knew the following spells:

 Your Spells              Type           Power        Failure   Level  Hunger
a - Flame Tongue          Conj/Fire      ####.        1%          1    None
b - Throw Flame           Conj/Fire      ####..       1%          2    None
c - Conjure Flame         Conj/Fire      ####....     4%          3    ##.....


Dungeon Overview and Level Annotations

Branches:
Dungeon (4/15)
 Temple: D:4-7

Altars:
Cheibriados
Nemelex Xobeh


Message History

Your Spellcasting skill increases to level 5!
Casting: Flame Tongue
Confirm with . or Enter, or press ? or * to list all spells.
Aiming: Flame Tongue
Press: ? - help, Shift-Dir - straight line, f - worm
Aim: a worm The flame tongue hits the worm.
The worm is lightly wounded.
You feel sick.
You climb upwards.
You feel sick.
There is a stone staircase leading down here.
Unknown command.
You start resting.
You feel sick. x5
You are no longer poisoned.
You can't go up here!
You climb downwards.
An orc priest comes into view. It is wielding a whip.
The orc priest moves out of view.
The worm bites you!
You die...

..# #...)....#
.... #(# #...##
#.##
#.....##.)####
#.†....()...###
....##..(.......##
# ######(.##..#
#.†######
#.w@....#
#...###.# ###>(
##.. #.. ##. .. ..


You could see a worm.

Vanquished Creatures
  Grinder (D:3)
  An orc priest (D:4)
  2 orc wizards (D:3)
  A worker ant (D:4)
  9 adders
  An ooze (D:1)
  3 worms (D:3)
  3 giant geckos
  8 orcs
  9 goblins
  11 hobgoblins
  2 quokkas
  A ball python (D:3)
  7 bats
  4 giant cockroaches
  8 giant newts
  13 jackals
  8 kobolds
  6 rats
98 creatures vanquished.

Notes
Turn   | Place    | Note
--------------------------------------------------------------
     0 | D:1      | kae the Deep Elf Fire Elementalist began the quest for the Orb.
     0 | D:1      | Reached XP level 1. HP: 10/10 MP: 6/6
   145 | D:1      | Reached XP level 2. HP: 9/15 MP: 0/8
   994 | D:2      | Reached skill level 4 in Fire Magic
  1036 | D:2      | Reached XP level 3. HP: 6/19 MP: 0/9
  1576 | D:2      | Found a faded altar to an unknown god.
  2017 | D:2      | Reached XP level 4. HP: 24/24 MP: 11/11
  2138 | D:3      | Found a sparkling altar of Nemelex Xobeh.
  2385 | D:3      | Learned a level 2 spell: Throw Flame
  2389 | D:3      | Learned a level 3 spell: Conjure Flame
  2670 | D:3      | Reached skill level 5 in Fire Magic
  2756 | D:3      | Reached XP level 5. HP: 28/28 MP: 8/12
  3087 | D:3      | Noticed Grinder
  3681 | D:3      | Killed Grinder
  3681 | D:3      | Reached skill level 6 in Fire Magic
  3681 | D:3      | Reached XP level 6. HP: 20/32 MP: 7/15
  3853 | D:3      | Found a snail-covered altar of Cheibriados.
  4222 | D:4      | Reached skill level 5 in Spellcasting
  4245 | D:4      | Slain by a worm

Vault maps used:
D:1:      dpeg_arrival_boxes_within_box
D:2:      first_bread, ecumenical_altar_1
D:3:      cheibriados_altar_1, nemelex_diamond_rough_becter, uniq_grinder
D:4:      kennysheep_little_box, lemuel_crystal_altar, temple_statues,
          due_unseen_surprise, uniq_menkaure, uniq_robin

Action                   |  1- 3 |  4- 6 || total
-------------------------+-------+-------++-------
Melee: Unarmed           |    25 |       ||    25
       Trident           |    11 |    57 ||    68
 Cast: Flame Tongue      |    85 |    86 ||   171
       Conjure Flame     |       |     1 ||     1
       Throw Flame       |       |     7 ||     7
  Use: Scroll            |       |     7 ||     7
 Stab: Sleeping          |     3 |     2 ||     5
  Eat: Chunk             |     3 |     6 ||     9
